 Dungeon Crawl Stone Soup version 0.29-a0-219-g0a02b1cf4f (webtiles) character file.

Game seed: 8223796888877420887

1911 Hasart the Shooter (level 8, -1/67 HPs)
             Began as a Demigod Hunter on Feb 25, 2022.
             Succumbed to a hornet's poison
             ... on level 7 of the Dungeon.
             The game lasted 00:13:43 (6873 turns).

Hasart the Shooter (Demigod Hunter)                 Turns: 6873, Time: 00:13:43

Health: -1/67      AC:  5    Str: 19    XL:     8   Next: 63%
Magic:  10/10      EV: 15    Int: 13    God:
Gold:   382        SH:  0    Dex: 22    Spells: 7/7 levels left

rFire   . . .      SeeInvis .   a - +2 shortbow
rCold   . . .      Faith    .   (shield currently unavailable)
rNeg    . . .      Spirit   .   h - +2 robe {Will+}
rPois   .          Reflect  .   (no helmet)
rElec   .          Harm     .   p - +0 cloak
rCorr   .          Rampage  .   (no gloves)
Will    +....                   (no boots)
Stlth   +++.......              (no amulet)
HPRegen 0.21/turn               i - +6 ring of strength
MPRegen 0.12/turn               (no ring)

@: lethally poisoned (-1 -> -13)
A: high MP 1, forlorn, divine attributes
a: no special abilities


You were on level 7 of the Dungeon.
You visited 1 branch of the dungeon, and saw 7 of its levels.
You also visited: Sewer.

You collected 382 gold pieces.

Inventory:

Hand Weapons
 a - a +2 shortbow (weapon)
 q - the +6 quarterstaff of Ydoocat {vorpal, rElec rN+}
   (You found it on level 5 of the Dungeon)

   It inflicts extra damage upon your enemies.
   rElec:     It insulates you from electricity.
   rN:        It protects you from negative energy.
Armour
 b - a +0 leather armour
 h - a +2 robe of willpower (worn)
 p - a +0 cloak (worn)
Jewellery
 i - a +6 ring of strength (left hand)
Wands
 x - a wand of flame (10)
Scrolls
 d - 2 scrolls of teleportation
 e - 4 scrolls of immolation
 g - a scroll of magic mapping
 n - a scroll of blinking
 o - 3 scrolls of amnesia
Potions
 j - 2 potions of flight
 k - a potion of might
 l - 2 potions of degeneration
 m - a potion of magic
 r - a potion of cancellation
 t - a potion of haste
 v - 4 potions of curing
 w - a potion of heal wounds
 z - a potion of brilliance
Miscellaneous
 u - a phantom mirror (inert)


   Skills:
 + Level 4.8 Fighting
 * Level 7.5 Bows
 + Level 4.8 Dodging
 + Level 5.0 Stealth
 + Level 2.0 Evocations


You had 7 spell levels left.
You didn't know any spells.
Your spell library contained the following spells:

 Spells                   Type           Power      Damage    Failure   Level
 Freeze                   Ice            0%         1d3       30%         1
 Magic Dart               Conj           0%         1d3       30%         1
 Searing Ray              Conj           0%         2d4       43%         2
 Frozen Ramparts          Ice            0%         1d2       67%         3
 Fulminant Prism          Conj/Hex       0%         3d6       97%         4
 Hailstorm                Conj/Ice       0%         3d3       97%         4


Dungeon Overview and Level Annotations

Branches:
Dungeon (7/15)             Temple (0/1) D:6           Sewer (visited)

Shops:
D:2 !

Annotations:
D:3 3 runed translucent doors, emikaela's ghost, amateur DrAM


Innate Abilities, Weirdness & Mutations

You have an increased reservoir of magic. (+10% MP)
You shall have no god before yourself.
Your divine heritage dramatically boosts your attributes as you level up.


Message History

You feel yourself slow down.
Unknown command.
You shoot an arrow. The arrow closely misses the hornet.
You feel yourself speed up.
You feel very sick. The hornet stings you.
You are more poisoned.
You suddenly lose the ability to move!
The hornet stings you!
You are more poisoned.
You shrug off the repeated paralysis!
You feel very sick. The hornet stings you.
You shrug off the repeated paralysis!
The hornet stings you!
You shrug off the repeated paralysis!
* * * LOW HITPOINT WARNING * * *
You feel very sick. The hornet stings you.
* * * LOW HITPOINT WARNING * * *
You feel yourself slow down.
You can move again.
Okay, then.
Aiming: Throw Flame
Press: ? - help, Shift-Dir - straight line, f/p - hornet
Aim: a hornet (lightly wounded, 57% to hit)
The puff of flame misses the hornet.
* * * LOW HITPOINT WARNING * * *
You feel very sick. The hornet stings you.
* * * LOW HITPOINT WARNING * * *
You feel as though you will be slow longer.
The hornet closely misses you.
Unknown command.
Unknown command.
Shoot: a) +2 shortbow
Press: ? - help, Q - select action, (/) - cycle Shift-Dir - straight line, f/p - hornet
Aim: a hornet (lightly wounded, 59% to hit)
You shoot an arrow.
The arrow hits the hornet but does no damage.
The hornet is lightly wounded.
You feel yourself speed up.
You die...

######## #......#
#########.####.#######
.....................#
........#.####.#####.#
..#####.#......# #.#
#.######## #.# #.# #.#
#@# ########.#
#......y# #...<....#
####.###. ...#####..#
# .. ####..# ...
#.....# .... #.....#
......#####..#
.............#
..######.#


You could see a hornet.

Vanquished Creatures
  Edmund (D:6)
  A water moccasin (Sewer)
  2 sky beasts
  2 black bears
  4 ogres
  A kobold brigand (D:6)
  Blork the orc (D:6)
  4 scorpions (D:5)
  A gnoll shaman (D:4)
  3 hounds
  2 iguanas
  5 orc wizards
  12 gnolls
  6 adders
  2 shadow imps
  2 white imps
  3 ufetubi
  4 worms
  2 dart slugs
  7 orcs
  7 endoplasms
  3 giant cockroaches
  5 goblins
  5 hobgoblins
  3 jackals (D:1)
  13 kobolds
  5 quokkas
  7 ball pythons
  17 bats
  3 frilled lizards
  7 rats
140 creatures vanquished.

Vanquished Creatures (others)
  7 fungi (D:1)
  A plant (D:1)
8 creatures vanquished.

Grand Total: 148 creatures vanquished

Notes
Turn   | Place    | Note
-------+----------+-------------------------------------------
     0 | D:1      | Hasart the Demigod Hunter began the quest for the Orb.
     0 | D:1      | Reached XP level 1. HP: 17/17 MP: 3/3
    68 | D:1      | Reached skill level 1 in Stealth
   353 | D:1      | Reached XP level 2. HP: 11/24 MP: 4/4
   673 | D:1      | Reached skill level 4 in Bows
   895 | D:1      | Reached XP level 3. HP: 29/29 MP: 5/5
  1166 | D:2      | Found Loicoffo's Distillery.
  1832 | D:3      | Reached XP level 4. HP: 31/37 MP: 6/6
  2282 | D:3      | Found a runed translucent gate.
  2282 | D:3      | Found a runed translucent gate.
  2283 | D:3      | Found a runed translucent gate.
  2287 | D:3      | Noticed emikaela's ghost (amateur DrAM)
  2324 | D:4      | Reached XP level 5. HP: 40/42 MP: 7/7
  2660 | D:4      | Noticed an ogre
  2735 | D:4      | Reached skill level 5 in Bows
  2903 | D:4      | HP: 1/45 [gnoll/+0 whip (3)]
  3497 | D:4      | Killed an ogre
  3498 | D:4      | Reached XP level 6. HP: 31/51 MP: 8/8
  3883 | D:5      | Entered Level 5 of the Dungeon
  4006 | D:5      | Reached XP level 7. HP: 49/57 MP: 9/9
  4032 | D:5      | Identified the +6 quarterstaff of Ydoocat {vorpal, rElec
                  | rN+}
  4063 | D:5      | Reached skill level 6 in Bows
  4338 | D:5      | Found a glowing drain.
  4372 | Sewer    | Entered a sewer
  4786 | D:5      | Reached XP level 8. HP: 41/66 MP: 10/10
  5423 | D:5      | Reached skill level 7 in Bows
  5613 | D:6      | Noticed Blork the orc
  5623 | D:6      | Killed Blork the orc
  5624 | D:6      | Reached skill level 1 in Evocations
  6008 | D:6      | Found a staircase to the Ecumenical Temple.
  6083 | D:6      | Noticed Edmund
  6112 | D:6      | Killed Edmund
  6113 | D:6      | Reached skill level 5 in Stealth
  6865 | D:7      | Noticed a hornet
  6869 | D:7      | Paralysed by a hornet for 3 turns
  6873 | D:7      | Succumbed to a hornet's poison

Illustrated notes

Levels and vault maps discovered:
D:1:      lemuel_arrival_muddy, layout_basic,
          shapermc_ecumenical_altar_mp_urbaneastern
D:2:      layout_basic, serial_shops, shop
D:3:      layout_basic, gammafunk_ghost_necromancy
D:4:      layout_loops_cross, zin_treasury, roderic_roman_lattice
D:5:      layout_basic, mainiacjoe_overflow_catwalk, portal_sewer_entry_d,
          grunt_ministairs_1, minivault_24, minmay_bent
D:6:      layout_loops_ring, minmay_temple_entry_mini_moons,
          kennysheep_generic_room_2, uniq_blork_the_orc, uniq_edmund
D:7:      layout_loops_cross, mainiacjoe_overflow_paths, lemuel_blue_sif_altar

Skill      XL: |  1  2  3  4  5  6  7  8 |
---------------+-------------------------+-----
Stealth        | 1 2 3 4 5 |  5.0
Dodging        | 2 3 4 |  4.8
Fighting       | 2 3 4 |  4.8
Bows           | 4 5 6 7 |  7.5
Evocations     | 2 |  2.0

Action                   |  1- 3 |  4- 6 |  7- 9 || total
-------------------------+-------+-------+-------++-------
 Fire: Shortbow          |   138 |   155 |   202 ||   495
Evoke: Wand              |       |       |     1 ||     1
       Phantom mirror    |       |       |     1 ||     1
  Use: Scroll            |       |       |    15 ||    15
Armor: Leather armour    |    22 |       |       ||    22
       Robe              |       |    19 |    32 ||    51
Dodge: Dodged            |    50 |    85 |    76 ||   211

Table legend: (Time is in decaauts)
 A = Elapsed time spent in this place.
 B = Non-inter-level travel time spent in this place.
 C = Inter-level travel time spent in this place.
 D = Time resting spent in this place.
 E = Time spent auto-exploring this place.
 F = Levels seen in this place.
 G = Mean time per level.
                   A        B        C        D        E       F      G
               +--------+--------+--------+--------+--------+-----+--------+
         Total |   7002 |   6833 |    169 |   1518 |   3988 |   8 |  875.2 |
       Dungeon |   6661 |   6492 |    169 |   1310 |   3938 |   7 |  951.6 |
         Sewer |    341 |    341 |      0 |    208 |     50 |   1 |  341.0 |
               +--------+--------+--------+--------+--------+-----+--------+

Top non-repeatable levels by time:
     D:5: 1425 daAuts
     D:4: 1308 daAuts
     D:1: 1100 daAuts
     D:6: 1092 daAuts
     D:3: 875 daAuts
     D:2: 709 daAuts
   Sewer: 341 daAuts
     D:7: 149 daAuts
